 Dungeon Crawl Stone Soup version 0.28.0 (webtiles) character file.

Game seed: 14190938819040432773

58 Crownlay the Shield-Bearer (level 3, 0/33 HPs)
             Began as a Minotaur Fighter on Feb 11, 2022.
             Slain by a gnoll (13 damage)
             ... on level 3 of the Dungeon.
             The game lasted 00:02:11 (1639 turns).

Crownlay the Shield-Bearer (Minotaur Fighter)       Turns: 1639, Time: 00:02:11

Health: 0/33       AC:  6    Str: 20    XL:     3   Next: 76%
Magic:  2/2        EV:  9    Int:  5    God:
Gold:   10         SH:  4    Dex: 11    Spells: 2/2 levels left

rFire   . . .      SeeInvis .   a - +0 trident
rCold   . . .      Faith    .   c - +0 buckler
rNeg    . . .      Spirit   .   b - +0 scale mail
rPois   .          Reflect  .   (helmet restricted)
rElec   .          Harm     .   (no cloak)
rCorr   .          Rampage  .   (no gloves)
Will    .....                   (no boots)
Stlth   ..........              (no amulet)
HPRegen 0.11/turn               (no ring)
MPRegen 0.08/turn               (no ring)

@: no status effects
A: horns 2, retaliatory headbutt
a: no special abilities


You were on level 3 of the Dungeon.
You visited 1 branch of the dungeon, and saw 3 of its levels.

You collected 90 gold pieces.
You spent 80 gold pieces at shops.

Inventory:

Hand Weapons
 a - a +0 trident (weapon)
Armour
 b - a +0 scale mail (worn)
 c - a +0 buckler (worn)
Jewellery
 k - a ring of resist corrosion
 p - an amulet of the acrobat
Wands
 l - a wand of mindburst (19)
Scrolls
 e - a scroll of teleportation
 g - a scroll of amnesia
 i - a scroll of torment
 j - a scroll of immolation
 m - a scroll of magic mapping
Potions
 d - a potion of might
 f - 2 potions of heal wounds
 h - 3 potions of haste
 n - a potion of curing
 o - a potion of lignification {unknown}


   Skills:
 + Level 4.2 Fighting
 * Level 4.0 Polearms
 - Level 3.6 Armour
 + Level 4.2 Shields


You had 2 spell levels left.
You didn't know any spells.
Your spell library contained the following spells:

 Spells                   Type           Power      Damage    Failure   Level
 Sandblast                Erth           0%         2d4       89%         1
 Blink                    Tloc           0%         N/A       96%         2
 Passwall                 Tmut/Erth      0%         N/A       96%         2
 Stone Arrow              Conj/Erth      0%         3d7       99%         3
 Hailstorm                Conj/Ice       0%         3d3       100%        4
 Ice Form                 Ice/Tmut       0%         N/A       100%        4
 Manifold Assault         Tloc           0%         N/A       100%        5
 Simulacrum               Ice/Necr       0%         N/A       100%        6
 Storm Form               Tmut/Air       0%         N/A       100%        7


Dungeon Overview and Level Annotations

Branches:
Dungeon (3/15)

Altars:

Shops:
D:3 !


Innate Abilities, Weirdness & Mutations

You have a pair of horns on your head.
You reflexively headbutt those who attack you in melee.


Message History

You puncture the ball python!
You kill the ball python!
No target in view!
No target in view!
No target in view!
No target in view!
No target in view!
HP restored.
Found 10 stones.
Found a stone staircase leading up.
A worm, a gnoll and 2 orcs come into view.
The gnoll shouts!
The orc shouts! x2
A gnoll comes into view. It is wielding a +0 club.
There are monsters nearby!
The orc throws a boomerang.
The boomerang hits you but does no damage.
You see here a hobgoblin corpse.
You puncture the orc!
You kill the orc!
You reach to attack!
You hit the gnoll but do no damage.
The gnoll hits you from afar with a +0 halberd.
You reach to attack!
You barely miss the gnoll.
The gnoll hits you from afar with a +0 halberd.
The gnoll barely misses you.
You reach to attack!
You hit the gnoll but do no damage. You block the gnoll's attack.
You reach to attack!
You puncture the gnoll!
The gnoll is heavily wounded.
The gnoll hits you from afar with a +0 halberd!
You are too injured to fight recklessly!
You are too injured to fight recklessly!
You are too injured to fight recklessly!
You are too injured to fight recklessly!
Reach: a) +0 trident
Press: ? - help, Dir - move target, f/p - gnoll
Aim: a gnoll, wielding a +0 halberd (heavily wounded, about 37% to evade your +0 trident)
You reach to attack!
You hit the gnoll.
The gnoll is heavily wounded.
The gnoll hits you from afar with a +0 halberd!
You die...

#.# #.# #.g... #.#
#.#oo. #.# #g..#w
#.# #.... #.# #....
#.# # ...
#.#########
##..#.###.wog)@.†.#
#..<.......######.#
##########.# #.#
#.# #.# #(# #.# #.#
#.# #.# #.# #.# #.#
#.# #.#


You could see a worm, a gnoll and an orc.

Vanquished Creatures
  An adder (D:2)
  2 dart slugs
  An orc (D:3)
  3 ball pythons
  6 endoplasms (D:1)
  A giant cockroach (D:1)
  8 goblins
  5 hobgoblins
  A quokka (D:2)
  2 bats (D:1)
  A frilled lizard (D:1)
  5 kobolds
  5 rats
41 creatures vanquished.

Vanquished Creatures (others)
  2 fungi (D:1)
  2 plants (D:1)
4 creatures vanquished.

Grand Total: 45 creatures vanquished

Notes
Turn   | Place    | Note
-------+----------+-------------------------------------------
     0 | D:1      | Crownlay the Minotaur Fighter began the quest for the Orb.
     0 | D:1      | Reached XP level 1. HP: 19/19 MP: 0/0
   156 | D:1      | Reached XP level 2. HP: 27/27 MP: 1/1
   263 | D:1      | Found a faded altar of an unknown god.
   628 | D:1      | Reached XP level 3. HP: 33/33 MP: 2/2
  1514 | D:3      | Found Nuenoej's Distillery.
  1526 | D:3      | Bought a potion of curing for 30 gold pieces
  1526 | D:3      | Bought a potion of heal wounds for 50 gold pieces
  1639 | D:3      | Slain by a gnoll

Illustrated notes

Levels and vault maps discovered:
D:1:      amcnicky_arrival_blooded_trapdoor, layout_rooms,
          shapermc_ecumenical_altar_gd, minmay_misc_feat_plants,
          patterned_corridor
D:2:      layout_loops_corners, dk_noncrumbling_4, minivault_27
D:3:      layout_basic, serial_shops, nicolae_diamond_shop,
          hangedman_decor_clover_reticule

Skill      XL: |  1  2  3 |
---------------+----------+-----
Polearms       | 3 4 |  4.0
Shields        | 4 |  4.2
Fighting       | 4 |  4.2
Armour         | |  3.6

Action                   || total
-------------------------++-------
Melee: Trident           ||    91
       Headbutt          ||     5
  Use: Scroll            ||     6
Armor: Scale mail        ||    21
Dodge: Dodged            ||    21
Block: Buckler           ||     8
